 Dungeon Crawl Stone Soup version 0.31-a0-108-gdf935468f2 (webtiles) character file.

Game seed: 6706488622084291471

53 Mammute the Conjurer (level 3, -5/26 HPs)
             Began as a Demigod Conjurer on May 27, 2023.
             Slain by Terence
             ... wielding a +0 falchion
              (9 damage)
             ... on level 1 of the Dungeon on May 28, 2023.
             The game lasted 00:22:52 (1739 turns).

Mammute the Conjurer (Demigod Conjurer)             Turns: 1739, Time: 00:22:52

Health: -5/26      AC:  2    Str:  8    XL:     3   Next: 41%
Magic:  4/8        EV: 12    Int: 24    God:
Gold:   92         SH:  0    Dex: 12    Spells: 5/6 levels left

rFire   . . .        e - +0 short sword
rCold   . . .        (no shield)
rNeg    . . .        a - +0 robe
rPois   .            (no helmet)
rElec   .            (no cloak)
rCorr   .            (no gloves)
SInv    .            (no boots)
Will    .....        (no amulet)
Stlth   ++           (no ring)
HPRegen 0.24/turn    (no ring)
MPRegen 0.11/turn

%: no passive effects
@: brilliant
A: high MP 1, forlorn, divine attributes
a: no special abilities


You were on level 1 of the Dungeon.
You visited 1 branch of the dungeon, and saw 2 of its levels.

You collected 92 gold pieces.

Inventory:

Hand Weapons
 d - a +0 dagger
 e - a +0 short sword (weapon)
Armour
 a - a +0 robe (worn)
Potions
 b - a potion of magic


   Skills:
 + Level 0.2 Short Blades
 + Level 2.0 Dodging
 + Level 1.8 Stealth
 + Level 2.1 Spellcasting
 + Level 4.5 Conjurations


You had 5 spell levels left.
You knew the following spells:

 Your Spells              Type           Power      Damage    Failure   Level
a - Magic Dart            Conj           100%       1d8       1%          1

Your spell library contained the following spells:

 Spells                   Type           Power      Damage    Failure   Level
 Searing Ray              Conj           72%        2d7       2%          2
 Dazzling Flash           Conj/Hex       40%        N/A       14%         3
 Ensorcelled Hibernation  Hex/Ice        6%         N/A       19%         2
 Passwall                 Tmut/Erth      2%         N/A       19%         2
 Swiftness                Air            3%         N/A       34%         3
 Fulminant Prism          Conj/Hex       10%        3d8       43%         4
 Iskenderun's Mystic Bla  Conj/Tloc      20%        2d6       43%         4


Dungeon Overview and Level Annotations

Branches:
Dungeon (2/15)

Annotations:
D:1 Terence
D:2 Natasha


Innate Abilities, Weirdness & Mutations

You have an increased reservoir of magic. (+10% MP)
You shall have no god before yourself.
Your divine heritage dramatically boosts your attributes as you level up.


Message History

Terence is lightly wounded.
Terence barely misses you.
Casting: Magic Dart (safe; 1% risk of failure)
Confirm with . or Enter, or press ? or * to list all spells.
Aiming: Magic Dart (safe; 1% risk of failure)
Press: ? - help, Shift-Dir - straight line, f/p - Terence
Aim: Terence, wielding a +0 falchion and wearing a +0 chain mail (lightly wounded, 100% to hit)
The magic dart hits Terence but does no damage.
Terence is lightly wounded.
Terence hits you with a +0 falchion!
It was a potion of brilliance.
You feel clever all of a sudden. Terence closely misses you.
Casting: Magic Dart (safe; 1% risk of failure)
Confirm with . or Enter, or press ? or * to list all spells.
Aiming: Magic Dart (safe; 1% risk of failure)
Press: ? - help, Shift-Dir - straight line, f/p - Terence
Aim: Terence, wielding a +0 falchion and wearing a +0 chain mail (lightly wounded, 100% to hit)
You feel a surge of power!
The magic dart hits Terence but does no damage.
Terence is lightly wounded.
Terence barely misses you.
Casting: Magic Dart (safe; 1% risk of failure)
Confirm with . or Enter, or press ? or * to list all spells.
Aiming: Magic Dart (safe; 1% risk of failure)
Press: ? - help, Shift-Dir - straight line, f/p - Terence
Aim: Terence, wielding a +0 falchion and wearing a +0 chain mail (lightly wounded, 100% to hit)
You feel a surge of power!
The magic dart hits Terence but does no damage.
Terence is lightly wounded.
Terence hits you but does no damage. Terence attacks as you move away!
Terence barely misses you. Terence attacks as you move away!
Terence hits you with a +0 falchion! Terence attacks as you move away!
Terence hits you with a +0 falchion.
* * * LOW HITPOINT WARNING * * *
Terence attacks as you move away! Terence hits you with a +0 falchion.
* * * LOW HITPOINT WARNING * * *
Terence attacks as you move away! Terence closely misses you.
Terence attacks as you move away! Terence hits you with a +0 falchion!
You die...

########.#.########### #(...###
.......#.#.# ##...(..
######.#.#.# ######..###
....##.#.#.# #....#...#
.##.##.#.#.# #....#.#.#
###.##.#.#.# ###### #....#.#.#
....##.#.#.# #....# #..[.#.#.#
.#####.#.#.###...)#####....#.#.##
.# #.#.#.....@@.'...'....'...>#
.# #.#.#####....#####....##...#
.#####.#.# ###### ###########
.......#.# ########.# .........#
##########


You could see Terence.

Vanquished Creatures
  2 adders (D:2)
  A dart slug (D:1)
  4 bats (D:1)
  An endoplasm (D:1)
  A giant cockroach (D:2)
  6 hobgoblins
  3 kobolds (D:1)
  3 quokkas
  4 ball pythons
  A frilled lizard (D:1)
  5 rats
31 creatures vanquished.

Notes
Turn   | Place    | Note
-------+----------+-------------------------------------------
     0 | D:1      | Mammute the Demigod Conjurer began the quest for the Orb.
     0 | D:1      | Reached XP level 1. HP: 14/14 MP: 5/5
   211 | D:1      | Reached skill level 4 in Conjurations
   226 | D:1      | Reached XP level 2. HP: 20/20 MP: 0/7
  1306 | D:2      | Reached XP level 3. HP: 20/26 MP: 3/8
  1592 | D:2      | Noticed Natasha
  1633 | D:2      | Noticed Terence
  1739 | D:1      | Slain by Terence

Illustrated notes

Levels and vault maps discovered:
D:1:      amcnicky_arrival_abandoned_market, layout_basic,
          ebering_ecumenical_altar_mist, chequers_serial_rivers_marsh
D:2:      layout_basic, uniq_natasha, uniq_terence

Skill      XL: |  1  2  3 |
---------------+----------+-----
Conjurations   | 4 |  4.5
Spellcasting   | 2 |  2.1
Dodging        | 2 |  2.0
Short Blades   | |  0.2
Stealth        | |  1.8

Action                     || total
---------------------------++-------
  Melee: Dagger            ||     4
         Short sword       ||    12
   Cast: Magic Dart        ||    66
    Use: Potion            ||     2
         Scroll            ||     1
 Armour: Robe              ||    10
  Dodge: Dodged            ||    65

Table legend: (Time is in decaauts)
 A = Elapsed time spent in this place.
 B = Non-inter-level travel time spent in this place.
 C = Inter-level travel time spent in this place.
 D = Time resting spent in this place.
 E = Time spent auto-exploring this place.
 F = Levels seen in this place.
 G = Mean time per level.
                   A        B        C        D        E       F      G
               +--------+--------+--------+--------+--------+-----+--------+
         Total |   1742 |    486 |   1256 |      0 |      0 |   2 |  871.0 |
       Dungeon |   1742 |    486 |   1256 |      0 |      0 |   2 |  871.0 |
               +--------+--------+--------+--------+--------+-----+--------+

Top non-repeatable levels by time:
     D:1: 1213 daAuts
     D:2: 528 daAuts
